 Dungeon Crawl Stone Soup version 0.26-a0-966-gd078a86f14 (webtiles) character file.

Game seed: 13167290960711641605

129604 streetpizza the Devastator (level 16, -3/115 (116) HPs)
             Began as a Green Draconian Conjurer on Dec 3, 2020.
             Was a High Priest of Vehumet.
             Killed from afar by a deep elf annihilator (39 damage)
             ... with a bolt of lightning
             ... on level 3 of the Elven Halls on Dec 4, 2020.
             The game lasted 03:48:47 (37276 turns).

streetpizza the Devastator (DrCj)                  Turns: 37276, Time: 03:48:48

HP:   -3/115 (116)  AC: 12    Str:  9    XL:     16   Next: 51%
MP:   1/33          EV: 18    Int: 30    God:    Vehumet [*****.]
Gold: 713           SH: 11    Dex: 12    Spells: 12/41 levels left

rFire    + . .     SeeInvis +   N - staff of conjuration
rCold    + . .     Faith    .   p - +1 buckler {rC+ rF+}
rNeg     . . .     Spirit   .   (armour unavailable)
rPois    +         Reflect  +   q - +1 hat
rElec    .         Harm     +   O - scarf {harm}
rCorr    .         Rampage  .   K - +0 pair of gloves
MR       +....                  i - +0 pair of boots of Butetet {+Blink Int+4}
Stlth    ++........             z - amulet of reflection
HPRegen  0.29/turn              J - ring of see invisible
MPRegen  0.23/turn              F - ring of wizardry

@: hasted, very quick
A: breathe noxious fumes, unfitting armour, stinger 1, agile 1, frail 1, poison
resistance, wild magic 1, cold-blooded, AC +9
a: Breathe Noxious Fumes, Renounce Religion, Evoke Blink


You were on level 3 of the Elven Halls.
You worshipped Vehumet.
Vehumet was extremely pleased with you.
You visited 5 branches of the dungeon, and saw 27 of its levels.
You also visited: Sewer and Ossuary.

You collected 2455 gold pieces.
You spent 1742 gold pieces at shops.

Inventory:

Hand Weapons
 s - a +2 demon trident of venom
Missiles
 k - 5 silver javelins
 R - 65 poisoned darts
Armour
 i - the +0 pair of boots of Butetet (worn) {+Blink Int+4}
   (You acquired it on level 9 of the Dungeon)

   It affects your intelligence (+4).
   It lets you blink.
 p - a +1 buckler of resistance (worn)
 q - a +1 hat (worn)
 K - a +0 pair of gloves (worn)
 O - a scarf of harm (worn)
 S - a scarf of resistance
Magical Staves
 N - an uncursed staff of conjuration (weapon)
 V - an uncursed staff of cold
Jewellery
 c - a +4 ring of evasion
 z - an amulet of reflection (around neck)
 F - a ring of wizardry (right hand)
 J - a ring of see invisible (left hand)
 Q - an uncursed ring of protection from cold
Wands
 f - a wand of iceblast (11)
 j - a wand of digging (17)
 l - a wand of acid (4)
 C - a wand of disintegration (44)
 D - a wand of enslavement (9)
 E - a wand of random effects (32) (quivered)
 M - a wand of polymorph (8)
Scrolls
 a - 2 scrolls of blinking
 b - 12 scrolls of identify
 d - 13 scrolls of remove curse
 g - 9 scrolls of teleportation
 m - 2 scrolls of enchant weapon
 u - a scroll of amnesia
 y - 5 scrolls of enchant armour
 A - a scroll of fear
 I - a scroll of magic mapping
 L - a scroll of brand weapon
Potions
 e - 14 potions of curing
 h - 16 potions of lignification
 n - a potion of magic
 o - 3 potions of berserk rage
 r - 3 potions of haste
 t - 3 potions of ambrosia
 v - 4 potions of cancellation
 w - 2 potions of might
 x - 7 potions of mutation
 B - 9 potions of heal wounds
 G - 5 potions of flight
 H - 2 potions of invisibility
 P - a potion of brilliance


   Skills:
 + Level 8.4 Fighting
 - Level 11.5 Dodging
 - Level 1.8 Stealth
 - Level 4.0 Shields
 + Level 13.0 Spellcasting
 - Level 15.5 Conjurations
 - Level 2.8 Translocations
 + Level 11.4 Fire Magic
 * Level 9.5 Ice Magic
 - Level 6.0 Evocations


You had 12 spell levels left.
You knew the following spells:

 Your Spells              Type           Power        Failure   Level
a - Iskenderun's Mystic   Conj/Tloc      #######.     1%          4
b - Searing Ray           Conj           ######       1%          2
c - Fireball              Conj/Fire      ########..   1%          5
d - Conjure Ball Lightni  Conj/Air       #######...   2%          6
e - Starburst             Conj/Fire      ########..   1%          6
f - Ozocubu's Refrigerat  Ice            #######...   1%          6

Your spell library contained the following spells:

 Spells                   Type           Power        Failure   Level
 Animate Skeleton         Necr           ####..       1%          1
 Apportation              Tloc           #####.       1%          1
 Corona                   Hex            ####...      1%          1
 Magic Dart               Conj           ####         1%          1
 Sandblast                Erth           ####..       1%          1
 Summon Small Mammal      Summ           ####         1%          1
 Conjure Flame            Conj/Fire      ########     1%          3
 Dazzling Flash           Conj/Hex       ######       1%          3
 Mephitic Cloud           Conj/Pois/Air  #######.     1%          3
 Static Discharge         Conj/Air       #######.     1%          3
 Fulminant Prism          Conj/Hex       #######...   1%          4
 Hailstorm                Conj/Ice       ########     1%          4
 Bolt of Magma            Conj/Fire/Erth #######...   1%          5
 Corpse Rot               Necr/Air       N/A          2%          2
 Poisonous Vapours        Pois/Air       ####..       2%          2
 Ice Form                 Ice/Tmut       ######..     2%          4
 Freezing Cloud           Conj/Ice/Air   #######...   2%          6
 Iron Shot                Conj/Erth      #######...   2%          6
 Vampiric Draining        Necr           ####......   4%          3
 Metabolic Englaciation   Hex/Ice        ######....   6%          5
 Animate Dead             Necr           ####......   14%         4
 Leda's Liquefaction      Hex/Erth       ####......   14%         4
 Simulacrum               Ice/Necr       ######....   28%         6
 Borgnjor's Vile Clutch   Necr/Erth      ####......   32%         5
 Excruciating Wounds      Necr           ####......   32%         5
 Statue Form              Tmut/Erth      ####.....    85%         6
 Shatter                  Erth           ####......   100%        9


Dungeon Overview and Level Annotations

Branches:
Dungeon (15/15)            Temple (1/1) D:7            Lair (6/6) D:9
  Swamp (0/4) Lair:2        Snake (0/4) Lair:3        Slime (0/5) Lair:5
    Orc (2/2) D:9             Elf (3/3) Orc:2        Vaults (0/5) D:14
 Depths (0/5) D:15          Sewer (visited)         Ossuary (visited)

Altars:
Ashenzari
Cheibriados
Dithmenos
Elyvilon
Fedhas
Hepliaklqana
Kikubaaqudgha
Makhleb
Nemelex Xobeh
Okawaru
Qazlal
Ru
Sif Muna
Trog
Uskayaw
Vehumet
Wu Jian
Xom
Yredelemnul
Zin
The Shining One
Jiyva

Shops:
D:5 }   D:9 =   D:11 }   Orc:1 ?   Orc:2 :[[(   Elf:2 =}=

Portals:
Trove: D:11 (give +4 fire dragon scales)

Annotations:
D:11 2 transporters, FacelessVoid's ghost, journeyman DDEE
Lair:3 3 runed translucent doors, Vern1's ghost, journeyman GrFi
Lair:5 1 runed translucent door
Lair:6 1 runed translucent door, jiml777's ghost, journeyman DEAE
Orc:1 2 runed translucent doors, exclusion: orange crystal statue
Elf:2 3 runed translucent doors


Innate Abilities, Weirdness & Mutations

You can breathe blasts of noxious fumes.
Your lurid green scales are hard. (AC +9)
You cannot fit into any form of body armour.
Your tail ends in a poisonous barb.
Your system is resistant to poisons. (rPois)
You are cold-blooded and may be slowed by cold attacks.
You are agile. (Dex +2)
You are frail. (-10% HP)
Your spells are a little harder to cast, but a little more powerful.


Message History

You feel a surge of power!
You erupt in a blast of force!
The mystic blast misses the deep elf blademaster.
The deep elf annihilator shouts!
You hear a shout!
The deep elf blademaster hits you with a +0 rapier.
You block the deep elf blademaster's attack.
You blink.
You blink.
You blink.
The deep elf blademaster hits you with a +0 rapier!
You block the deep elf blademaster's attack.
You don't have enough magic at the moment.
You feel yourself speed up.
The deep elf blademaster hits you with a +0 rapier. x2
The deep elf annihilator casts a spell.
The deep elf annihilator blinks!
You block the deep elf blademaster's attack.
The deep elf blademaster hits you with a +0 rapier.
The deep elf annihilator gestures at you while chanting.
The bolt of lightning hits you!!
You die...

#.)# #.e# #..# #.)# #..#
#.)###
#########..#.##############
#.....)..e@'...........#...
+..........#...........'...
#..........#...........#...
####+#######'#########'####
......................
......................
#####################'
≈≈≈≈≈. ≈≈≈≈≈.


You could see a deep elf blademaster and a deep elf annihilator.

Vanquished Creatures
  Asterion (Elf:1)
  2 deep elf sorcerers (Elf:3)
  A deep elf elementalist (Elf:3)
  Nessos (D:14)
  A deep elf demonologist (Elf:3)
  A deep elf annihilator (Elf:3)
  Snorg (Lair:4)
  2 deep elf death magi (Elf:1)
  Josephine (D:12)
  Harold (D:7)
  An ice dragon (D:14)
  2 catoblepae
  8 hydras
  3 two-headed ogres
  3 centaur warriors
  7 death yaks (Lair:6)
  A deep troll shaman (Lair:6)
  9 dancing weapons
  Urug (Orc:2)
  4 orc high priests
  10 deep elf knights
  A glowing orange brain (D:15)
  4 orc knights (Orc:2)
  4 unseen horrors
  15 deep elf archers
  2 necromancers (Elf:1)
  A lindwurm (Lair:6)
  A wolf spider zombie (D:13)
  A manticore (D:13)
  37 deep elf magi
  4 orc sorcerers
  A cyclops (D:12)
  8 ugly things
  3 oklob plants
  10 elephants
  7 black mambas
  9 cane toads
  A gargoyle (D:10)
  2 rime drakes (Lair:6)
  Maggie (D:7)
  9 komodo dragons
  A yaktaur (shapeshifter) (D:15)
  A redback zombie (D:15)
  A freezing wraith (D:14)
  A tengu conjurer (D:14)
  A meliai (shapeshifter) (D:14)
  8 trolls
  A harpy zombie (D:12)
  Grinder (D:5)
  A hornet (D:13)
  11 slime creatures
  A blink frog (shapeshifter) (D:15)
  21 blink frogs
  7 water elementals
  3 air elementals
  72 yaks
  6 wraiths
  2 vampires (D:14)
  6 basilisks
  3 large abominations (Elf:1)
  2 wyverns
  Grum (D:8)
  A swamp worm (Lair:2)
  Menkaure (D:4)
  2 wargs (Orc:1)
  An acid dragon (D:13)
  28 water moccasins
  A hornet zombie (D:11)
  24 orc warriors
  Duvessa (D:7)
  5 sky beasts
  4 black bears
  4 ice beasts
  2 phantoms
  2 necrophages
  14 ogres
  18 wolves
  24 centaurs
  An elf zombie (Elf:1)
  5 big kobolds
  A bullfrog (shapeshifter) (D:15)
  20 bullfrogs
  2 earth elementals
  2 wyvern skeletons
  A water moccasin skeleton (D:7)
  3 scorpions
  11 killer bees
  Dowan (D:7)
  7 wights
  3 howler monkeys
  6 electric eels
  8 jellies
  3 centaur zombies
  6 hounds
  23 orc wizards
  A bullfrog skeleton (D:13)
  22 orc priests
  Crazy Yiuf (D:7)
  A centaur skeleton (D:4)
  8 worker ants
  A killer bee zombie (D:8)
  2 big kobold zombies (Ossuary)
  A hound zombie (D:7)
  5 mummies (Ossuary)
  2 worker ant zombies
  8 gnolls
  4 river rats (Sewer)
  26 adders
  A howler monkey skeleton (D:6)
  A shadow imp (D:8)
  4 white imps
  2 ufetubi (D:10)
  2 adder skeletons (D:6)
  2 adder zombies
  2 worms (D:2)
  6 dart slugs
  11 leopard geckos
  68 orcs
  5 giant cockroaches
  7 goblins
  2 hobgoblins
  7 jackals
  32 kobolds
  6 quokkas
  3 ball pythons
  6 bats
  2 frilled lizards
  A gnoll zombie (Ossuary)
  A goblin zombie (Ossuary)
  A hobgoblin zombie (Ossuary)
  A jackal skeleton (D:6)
  2 kobold zombies (Ossuary)
  2 quokka zombies (D:8)
  14 rats
  6 crawling corpses (Elf:1)
847 creatures vanquished.

Vanquished Creatures (collateral kills)
  A ball lightning (Elf:1)
1 creature vanquished.

Vanquished Creatures (others)
  2 ball lightnings (Elf:1)
  An electric eel (D:12)
  51 fungi
  67 plants
121 creatures vanquished.

Grand Total: 969 creatures vanquished

Notes
Turn   | Place    | Note
-------+----------+-------------------------------------------
     0 | D:1      | streetpizza the Draconian Conjurer began the quest for the
                  | Orb.
     0 | D:1      | Reached XP level 1. HP: 14/14 MP: 3/3
   225 | D:1      | Reached XP level 2. HP: 7/22 MP: 1/5
   457 | D:1      | Learned a level 2 spell: Searing Ray
   968 | D:1      | Reached skill level 1 in Fighting
  1355 | D:1      | Reached XP level 3. HP: 28/28 MP: 3/6
  1717 | D:2      | Found a sacrificial altar of Ru.
  1723 | D:2      | Reached XP level 4. HP: 26/35 MP: 1/7
  1886 | D:2      | Found a shimmering altar of Xom.
  1928 | D:2      | Reached skill level 5 in Conjurations
  2069 | D:2      | Found an ornate altar of the Wu Jian Council.
  2446 | D:2      | Found a white marble altar of Elyvilon.
  2655 | D:2      | Reached XP level 5. HP: 36/40 MP: 5/9
  2741 | D:2      | Found a shimmering blue altar of Sif Muna.
  3813 | D:3      | Found a faded altar of an unknown god.
  4182 | D:4      | Noticed an ogre
  4195 | D:4      | Killed an ogre
  4196 | D:4      | Reached skill level 6 in Conjurations
  4196 | D:4      | Reached XP level 6. HP: 30/47 MP: 5/11
  4493 | D:4      | Noticed Menkaure
  4815 | D:4      | Found a sand-covered staircase.
  4824 | Ossuary  | Entered an ossuary
  5242 | D:4      | Killed Menkaure
  5243 | D:4      | Your scales start taking on a lurid green colour.
  5243 | D:4      | Reached XP level 7. HP: 52/52 MP: 7/13
  5243 | D:4      | Gained mutation: Your system is resistant to poisons.
                  | (rPois) [Green Draconian growth]
  5668 | D:4      | Reached skill level 7 in Conjurations
  5847 | D:5      | Entered Level 5 of the Dungeon
  6118 | D:5      | Found Vuicvasu's Gadget Shoppe.
  6127 | D:5      | Found a blossoming altar of Fedhas.
  6181 | D:5      | Reached XP level 8. HP: 56/59 MP: 14/14
  6227 | D:5      | Noticed Grinder
  6235 | D:5      | Killed Grinder
  6236 | D:5      | Reached skill level 8 in Conjurations
  6618 | D:5      | Reached skill level 5 in Spellcasting
  6798 | D:5      | Found a glowing silver altar of Zin.
  6875 | D:6      | Reached skill level 5 in Dodging
  7203 | D:6      | Reached skill level 9 in Conjurations
  7219 | D:6      | Found a glowing drain.
  7227 | Sewer    | Entered a sewer
  7399 | Sewer    | Reached XP level 9. HP: 64/64 MP: 17/17
  7411 | Sewer    | Found a white marble altar of Elyvilon.
  7470 | D:6      | Found a broken altar of Ashenzari.
  7893 | D:6      | Found an iron altar of Okawaru.
  8090 | D:6      | Got a smoking long sword
  8119 | D:6      | Identified the +6 long sword "Hydrabane" {flame, rElec
                  | rPois rC+ Int-5} (You found it on level 6 of the Dungeon)
  8257 | D:6      | Found a hide-covered altar of Uskayaw.
  8370 | D:7      | Reached skill level 10 in Conjurations
  8500 | D:7      | Found a staircase to the Ecumenical Temple.
  8509 | Temple   | Entered the Ecumenical Temple
  8596 | Temple   | Became a worshipper of Vehumet
  8629 | D:7      | Noticed Maggie
  8645 | D:7      | Killed Maggie
  8953 | D:7      | Found an ancient bone altar of Kikubaaqudgha.
  8953 | D:7      | Noticed Duvessa
  9061 | D:7      | Noticed Dowan
  9084 | D:7      | Killed Dowan
  9139 | D:7      | Identified the cursed +0 chain mail of Card Tricks {Rampage
                  | rCorr Str+3}
  9149 | D:7      | Killed Duvessa
  9254 | D:7      | Noticed Harold
  9362 | D:7      | Reached * piety under Vehumet
  9362 | D:7      | Offered knowledge of Freeze by Vehumet.
  9565 | D:7      | Found a runed translucent door.
  9566 | D:7      | Noticed Crazy Yiuf
  9628 | D:7      | Reached XP level 10. HP: 71/71 MP: 14/20
  9630 | D:7      | Killed Harold
  9631 | D:7      | Reached skill level 11 in Conjurations
  9689 | D:7      | Found an iron altar of Okawaru.
 10159 | D:7      | Killed Crazy Yiuf
 10366 | D:8      | Got an ichor-stained shortbow
 10367 | D:8      | Identified the +6 shortbow of Doubt {flame, rN+} (You found
                  | it on level 8 of the Dungeon)
 10822 | D:8      | Noticed Grum
 10830 | D:8      | Killed Grum
 11425 | D:9      | Found a staircase to the Lair.
 11464 | D:9      | Reached ** piety under Vehumet
 11464 | D:9      | Offered knowledge of Shock by Vehumet.
 11475 | D:9      | Reached skill level 12 in Conjurations
 11735 | D:9      | Found Bafag's Jewellery Shoppe.
 11836 | D:9      | Found a staircase to the Orcish Mines.
 12011 | D:10     | Entered Level 10 of the Dungeon
 12011 | D:10     | Noticed a gargoyle
 12184 | D:10     | Reached XP level 11. HP: 75/77 MP: 18/23
 13079 | D:11     | Found a transporter.
 13080 | D:11     | Noticed FacelessVoid's ghost (journeyman DDEE)
 13099 | D:11     | Found a transporter.
 13101 | D:11     | Noticed a two-headed ogre
 13121 | D:11     | Offered knowledge of Static Discharge by Vehumet.
 13141 | D:11     | Killed a two-headed ogre
 13143 | D:11     | Reached skill level 13 in Conjurations
 13374 | D:11     | Reached *** piety under Vehumet
 13946 | D:11     | Found Sewkaput's Gadget Shop.
 14018 | D:11     | Offered knowledge of Inner Flame by Vehumet.
 14477 | D:11     | Found a portal to a secret trove of treasure.
 14670 | D:11     | HP: 4/115 [water elemental (6)]
 14671 | D:11     | Gained mutation: Your magical capacity is low. (-10% MP)
                  | [potion of mutation]
 14671 | D:11     | Gained mutation: Scrolls take you a little longer to read.
                  | [potion of mutation]
 14671 | D:11     | Gained mutation: Your spells are a little harder to cast,
                  | but a little more powerful. [potion of mutation]
 14671 | D:11     | Gained mutation: You evolve. [potion of mutation]
 15194 | D:11     | Learned a level 4 spell: Iskenderun's Mystic Blast
 15706 | D:12     | Lost mutation: Your magical capacity is low. (-10% MP)
                  | [potion of mutation]
 15706 | D:12     | Lost mutation: Your spells are a little harder to cast, but
                  | a little more powerful. [potion of mutation]
 15706 | D:12     | Lost mutation: Scrolls take you a little longer to read.
                  | [potion of mutation]
 15706 | D:12     | Gained mutation: Your spells are a little harder to cast,
                  | but a little more powerful. [potion of mutation]
 15706 | D:12     | Gained mutation: You are agile. (Dex +2) [potion of
                  | mutation]
 16537 | D:12     | Noticed Josephine
 16547 | D:12     | Killed Josephine
 16548 | D:12     | Reached skill level 14 in Conjurations
 16548 | D:12     | Reached XP level 12. HP: 83/83 MP: 16/25
 16568 | D:12     | Reached **** piety under Vehumet
 16592 | D:12     | Offered knowledge of Fireball by Vehumet.
 16602 | D:12     | Learned a level 5 spell: Fireball
 17099 | D:12     | Reached skill level 1 in Fire Magic
 17595 | D:13     | Noticed a two-headed ogre
 17595 | D:13     | Noticed a centaur warrior
 18031 | D:13     | Killed a two-headed ogre
 18298 | D:13     | Reached skill level 10 in Spellcasting
 18459 | D:13     | Killed a centaur warrior
 18460 | D:13     | Reached skill level 10 in Dodging
 18562 | D:12     | Gained mutation: You are frail. (-10% HP) [evolution]
 18562 | D:12     | Lost mutation: You evolve. [end of evolution]
 19491 | D:14     | Reached skill level 5 in Fire Magic
 19520 | D:14     | Noticed a centaur warrior
 19522 | D:14     | Noticed Nessos
 19526 | D:13     | Killed a centaur warrior
 19849 | D:14     | Reached XP level 13. HP: 80/80 MP: 22/27
 19907 | D:14     | Found a shadowy altar of Dithmenos.
 20095 | D:14     | Reached skill level 1 in Shields
 20661 | D:14     | Killed Nessos
 20665 | D:14     | Found a white marble altar of Elyvilon.
 20798 | D:14     | You fall into a shaft and drop 1 floor!
 20798 | D:15     | Entered Level 15 of the Dungeon
 21058 | D:14     | Reached skill level 1 in Translocations
 21406 | D:14     | Found a gate to the Vaults.
 22007 | D:15     | Found a snail-covered altar of Cheibriados.
 22059 | D:15     | Reached skill level 15 in Conjurations
 22506 | D:15     | Reached ***** piety under Vehumet
 22507 | D:15     | Found a staircase to the Depths.
 23157 | D:9      | Identified a scroll of acquirement
 23158 | D:9      | Acquired the +0 pair of boots of Butetet {+Blink Int+4}
 23194 | Lair:1   | Entered Level 1 of the Lair of Beasts
 23202 | Lair:1   | Reached skill level 1 in Evocations
 23304 | D:9      | Offered knowledge of Olgreb's Toxic Radiance by Vehumet.
 25622 | Lair:2   | Found a staircase to the Swamp.
 25989 | Lair:3   | Gained mutation: Your tail ends in a poisonous barb. [Green
                  | Draconian growth]
 25989 | Lair:3   | Reached XP level 14. HP: 85/85 MP: 23/29
 26191 | Lair:3   | Found a staircase to the Snake Pit.
 26610 | Lair:3   | Noticed Vern1's ghost (journeyman GrFi)
 26899 | Lair:3   | Found a runed translucent gate.
 26900 | Lair:3   | Found a runed translucent gate.
 26901 | Lair:3   | Found a runed translucent gate.
 26940 | Lair:3   | Identified the +4 dire flail "Zoshimat" {vorpal, +Rage rC+}
                  | (You found it on level 3 of the Lair of Beasts)
 27096 | Lair:4   | Noticed Snorg
 27100 | Lair:4   | Killed Snorg
 27101 | Lair:4   | Reached skill level 5 in Evocations
 28656 | Lair:5   | Found a viscous altar of Jiyva.
 28657 | Lair:5   | Found a runed translucent door.
 28657 | Lair:5   | Noticed an acid blob
 28657 | Lair:5   | Noticed an acid blob
 28658 | Lair:5   | Found a staircase to the Slime Pits.
 28658 | Lair:5   | Noticed an acid blob
 29178 | Lair:6   | Entered Level 6 of the Lair of Beasts
 29190 | Lair:6   | Offered knowledge of Sticky Flame by Vehumet.
 30090 | Lair:6   | Found a runed translucent door.
 30092 | Lair:6   | Noticed jiml777's ghost (journeyman DEAE)
 30585 | Lair:6   | Reached skill level 1 in Ice Magic
 30810 | Lair:6   | Reached XP level 15. HP: 98/98 MP: 27/30
 30971 | Lair:6   | Identified the Volume of Dusty Confrontation
 31690 | Orc:1    | Entered Level 1 of the Orcish Mines
 31694 | Orc:1    | Offered knowledge of Bolt of Magma by Vehumet.
 32081 | Orc:1    | Found Jomushro's Magic Scroll Emporium.
 32106 | Orc:2    | Entered Level 2 of the Orcish Mines
 32246 | Orc:2    | Noticed Urug
 32251 | Orc:2    | Killed Urug
 32782 | Orc:2    | Reached skill level 5 in Fighting
 33109 | Orc:1    | Found a runed translucent door.
 33111 | Orc:1    | Found the +10 tower shield of Ignorance {rN+ Int-4}
 33134 | Orc:1    | Found a runed translucent door.
 33324 | Orc:2    | Found a staircase to the Elven Halls.
 33609 | Orc:2    | Offered knowledge of Conjure Ball Lightning by Vehumet.
 33617 | Orc:2    | Learned a level 6 spell: Conjure Ball Lightning
 33760 | Orc:2    | Reached skill level 10 in Fire Magic
 33764 | Orc:2    | Found Qise's Weapon Boutique.
 33764 | Orc:2    | Found Iziacw's Book Shoppe.
 33767 | Orc:2    | Found Wareher's Antique Armour Boutique.
 33767 | Orc:2    | Found Sosow's Antique Armour Shoppe.
 34155 | Orc:2    | Bought a shiny buckler for 187 gold pieces
 34166 | Orc:2    | Bought a glowing buckler for 195 gold pieces
 34191 | Orc:2    | Bought a book of the Earth for 910 gold pieces
 34252 | Elf:1    | Entered Level 1 of the Elven Halls
 34359 | Elf:1    | Reached skill level 5 in Ice Magic
 34565 | Elf:1    | Noticed Asterion
 34913 | Elf:1    | Killed Asterion
 35268 | Elf:1    | Identified the Volume of Dark Magic
 35547 | Elf:2    | Found Aduithreh's Jewellery Emporium.
 35741 | Elf:2    | Reached XP level 16. HP: 112/112 MP: 27/32
 35762 | Elf:2    | Found a runed translucent gate.
 35762 | Elf:2    | Found a runed translucent gate.
 35762 | Elf:2    | Found a runed translucent gate.
 36002 | Elf:2    | Found a shimmering blue altar of Sif Muna.
 36004 | Elf:2    | Offered knowledge of Starburst by Vehumet.
 36654 | Elf:2    | Found Opotsimn's Jewellery Shop.
 36656 | Elf:2    | Found Paip Hoi's Gadget Shoppe.
 36657 | Elf:2    | Found Geluehom's Jewellery Shop.
 36668 | Elf:2    | Bought an uncursed ring of wizardry for 450 gold pieces
 36677 | Elf:2    | Learned a level 6 spell: Starburst
 36684 | Elf:2    | Learned a level 6 spell: Ozocubu's Refrigeration
 36773 | Elf:3    | Entered Level 3 of the Elven Halls
 36797 | Elf:3    | Paralysed by an orc sorcerer for 7 turns
 37263 | Elf:3    | Noticed a deep elf blademaster
 37276 | Elf:3    | Killed from afar by a deep elf annihilator

Illustrated notes

Levels and vault maps discovered:
D:1:      nicolae_arrival_washed_ashore, layout_basic, minmay_misc_feat_ornament
D:2:      layout_rooms, old_standard_altar, led_sif_pool, xom_butterflies,
          lemuel_crystal_altar, serial_forest, infiniplex_forest_clump_long,
          infiniplex_forest_end_double, infiniplex_forest_end_1,
          infiniplex_forest_lined_3, infiniplex_forest_lined_room_,
          infiniplex_forest_zigzag_1, infiniplex_forest_straight_2,
          infiniplex_forest_clump_curved, infiniplex_forest_zigzag_1,
          minmay_liquid_box, nicolae_ru_great_annihilating_truth
D:3:      layout_basic, chequers_ecumenical_altar_grove
D:4:      layout_loops_ring, enter_ossuary_1, uniq_menkaure
D:5:      layout_basic, fedhas_altar_3, zin_academy, serial_shops, shop,
          uniq_grinder
D:6:      layout_cave_pools, ashenzari_altar_1, nicolae_overflow_hidden_temple,
          gup_sewer_entry_bowl, basic_altar, minmay_joined_circles
D:7:      layout_basic, kiku_gazebo_pond_becter, temple_statues,
          okawaru_ov_weapons_minmay, uniq_harold, uniq_duvessa, uniq_maggie,
          uniq_crazy_yiuf_cottage
D:8:      layout_basic, serial_bayou_pond_c, uniq_grum
D:9:      layout_rooms, lair_entry_dummy, serial_shops, kennysheep_mini
D:10:     layout_basic
D:11:     layout_cave_pools, enter_trove_0, gammafunk_ghost_stat_death,
          serial_shops, shop
D:12:     layout_basic, minmay_diced_spiral, uniq_josephine
D:13:     layout_basic, kennysheep_generic_room_15
D:14:     layout_basic, david_vaults_4, basic_altar,
          nicolae_dithmenos_shadow_blocks, chequers_serial_rivers_small_3,
          grunt_ministairs_9, drop_trap, uniq_nessos
D:15:     gammafunk_enter_depths_forms, layout_loops_corners, basic_altar
Temple:   hc_temple_tempest_star
Lair:1:   layout_loops_ring, grunt_megastairs_5
Lair:2:   layout_loops_ring, palyth_hydra_swamp_entry, minmay_lair_oklob_items,
          beast_lair_carwin_11
Lair:3:   layout_hall_layers, minmay_snake_entry_six_corridors,
          gammafunk_ghost_split, minmay_stone_trees_small,
          kennysheep_catoblepas_arena
Lair:4:   layout_regular_city, grunt_megastairs_1, serial_bayou_shore_b,
          uniq_snorg
Lair:5:   layout_gridlike, slime_altar_2
Lair:6:   grunt_lair_end_beastmaster, layout_regular_city,
          gammafunk_ghost_grave, minmay_lair_oklob_chamber
Orc:1:    layout_caves, serial_shops, nicolae_shop_behind_doors,
          chequers_guarded_unrand_ignorance
Orc:2:    grunt_orc_tribal_feast, layout_diamond_mine, uniq_urug
Elf:1:    eino_elf_arrival_sip, layout_loops_cross, minmay_elf_necromancy,
          uniq_asterion
Elf:2:    layout_geoelf_octagon, serial_shops, nicolae_shop_waterfront,
          basic_altar, minmay_crystal_room, minmay_shop_grove
Elf:3:    minmay_elf_hall_spiked, layout_geoelf_castle, minmay_misc_feat_five

Skill      XL: |  1  2  3  4  5  6  7  8  9 10 11 12 13 14 15 16 |
---------------+-------------------------------------------------+-----
Dodging        | 2 3 4 5 6 8 9 10 11 | 11.5
Fighting       | 1 4 7 8 |  8.4
Conjurations   | 5 6 7 9 10 12 14 15 | 15.5
Spellcasting   | 3 4 5 6 8 9 10 11 12 13 | 13.0
Fire Magic     | 5 7 9 10 11 | 11.4
Shields        | 4 |  4.0
Translocations | 2 |  2.8
Evocations     | 4 6 |  6.0
Ice Magic      | 1 7 9 |  9.5
Stealth        | |  1.8

Action                   |  1- 3 |  4- 6 |  7- 9 | 10-12 | 13-15 | 16-18 || total
-------------------------+-------+-------+-------+-------+-------+-------++-------
Melee: Unarmed           |    21 |    13 |       |       |       |       ||    34
       Tailslap          |     3 |    10 |    15 |    32 |    20 |     2 ||    82
       Dagger            |       |    71 |       |       |       |       ||    71
       Trident           |       |    59 |   166 |     3 |    24 |       ||   252
       Quarterstaff      |       |       |       |   244 |     8 |       ||   252
       Staff             |       |       |       |       |   194 |    14 ||   208
       Long sword        |       |       |       |       |     2 |       ||     2
 Cast: Magic Dart        |    49 |     1 |       |       |       |       ||    50
       Searing Ray       |     2 |    21 |    45 |    94 |   123 |    12 ||   297
       Fireball          |       |       |       |    40 |   141 |    16 ||   197
       Iskenderun's Myst |       |       |       |     4 |   101 |    10 ||   115
       Conjure Ball Ligh |       |       |       |       |     1 |       ||     1
       Ozocubu's Refrige |       |       |       |       |       |     4 ||     4
 Abil: Breathe Noxious F |       |       |    37 |    45 |    29 |     1 ||   112
       Evoke Blink       |       |       |       |       |       |     3 ||     3
Evoke: Wand              |       |       |     5 |     3 |    10 |     5 ||    23
  Use: Scroll            |       |       |       |    16 |    12 |       ||    28
       Potion            |       |       |       |    11 |       |     1 ||    12
 Stab: Sleeping          |     1 |       |     4 |       |     1 |       ||     6
       Paralysed         |       |     1 |       |     4 |       |       ||     5
       Confused          |       |       |     7 |     4 |     1 |       ||    12
       Petrifying        |       |       |       |     1 |       |       ||     1
       Petrified         |       |       |       |     3 |       |       ||     3
Armor: Skin              |     6 |    44 |    50 |   120 |    88 |     7 ||   315
Dodge: Dodged            |    10 |    86 |   104 |   317 |   290 |    18 ||   825
Block: Other             |       |       |    30 |   117 |     8 |       ||   155
       Reflection        |       |       |     1 |    17 |    10 |     7 ||    35
       Buckler           |       |       |       |       |   178 |    22 ||   200
       Rpst.: Long sword |       |       |       |       |     1 |       ||     1

Table legend: (Time is in decaauts)
 A = Elapsed time spent in this place.
 B = Non-inter-level travel time spent in this place.
 C = Inter-level travel time spent in this place.
 D = Time resting spent in this place.
 E = Time spent auto-exploring this place.
 F = Levels seen in this place.
 G = Mean time per level.
                   A        B        C        D        E       F      G
               +--------+--------+--------+--------+--------+-----+--------+
         Total |  37536 |  36139 |   1397 |   3156 |  26669 |  29 | 1294.3 |
       Dungeon |  23201 |  22262 |    939 |   2101 |  16176 |  15 | 1546.7 |
        Temple |     99 |     88 |     11 |      0 |     82 |   1 |   99.0 |
          Lair |   7968 |   7668 |    300 |    749 |   5778 |   6 | 1328.0 |
  Orcish Mines |   2568 |   2469 |     99 |    191 |   1781 |   2 | 1284.0 |
   Elven Halls |   3036 |   2989 |     47 |     88 |   2390 |   3 | 1012.0 |
         Sewer |    249 |    249 |      0 |      0 |    207 |   1 |  249.0 |
       Ossuary |    412 |    412 |      0 |     26 |    254 |   1 |  412.0 |
               +--------+--------+--------+--------+--------+-----+--------+

Top non-repeatable levels by time:
    D:11: 2628 daAuts
    D:12: 2077 daAuts
  Lair:6: 1896 daAuts
    D:13: 1805 daAuts
     D:7: 1754 daAuts
    D:15: 1732 daAuts
    D:14: 1609 daAuts
   Orc:2: 1602 daAuts
     D:1: 1563 daAuts
     D:3: 1453 daAuts
     D:9: 1353 daAuts
   Elf:2: 1347 daAuts
    D:10: 1318 daAuts
  Lair:5: 1277 daAuts
     D:2: 1269 daAuts
